 Dungeon Crawl Stone Soup version 0.21.1 (webtiles) character file.

466 Goblin1989 the Chopper (level 6, -4/48 HPs)
             Began as a Demonspawn Monk on Feb 4, 2018.
             Splashed by a jelly's acid (8 damage)
             ... on level 5 of the Dungeon.
             The game lasted 00:11:28 (3512 turns).

Goblin1989 the Chopper (Demonspawn Monk)            Turns: 3512, Time: 00:11:29

Health: -4/48      AC:  0    Str: 14    XL:     6   Next: 81%
Magic:  6/6        EV:  8    Int: 11    God:
Gold:   173        SH:  8    Dex: 15    Spells: 5/5 levels left

rFire    + . .     SeeInvis .   a - +0 hand axe
rCold    . . .     Gourm    .   v - +0 shield
rNeg     . . .     Faith    .   f - +0 scale mail
rPois    .         Spirit   .   (no helmet)
rElec    .         Reflect  .   m - +1 cloak
rCorr    .         Harm     .   (no gloves)
MR       .....                  (no boots)
Stlth    +.........             (no amulet)
HPRegen  0.16/turn              (no ring)
MPRegen  0.10/turn              C - +4 ring of protection

@: corroded
A: molten scales 2, fire resistance 1
a: no special abilities


You were on level 5 of the Dungeon.
You were not hungry.

You visited 1 branch of the dungeon, and saw 5 of its levels.

You collected 173 gold pieces.

Inventory:

Hand Weapons
 a - a +0 hand axe (weapon)
Missiles
 U - 6 javelins (quivered)
Armour
 f - a +0 scale mail (worn)
 m - a +1 cloak (worn)
 v - a +0 shield (worn)
Jewellery
 l - an uncursed ring of flight
 C - a +4 ring of protection (right hand)
Scrolls
 j - a scroll of enchant armour {unknown}
 u - a scroll of immolation
 y - a scroll of fog
 A - a scroll of magic mapping {unknown}
 R - a scroll of identify {@r1}
 T - a scroll of teleportation {!r, @r3}
Potions
 h - a potion of berserk rage
 i - 3 potions of brilliance
 k - 3 potions of curing {@q1}
 q - a potion of might
Comestibles
 e - 3 rations


   Skills:
 + Level 4.1 Fighting
 * Level 5.2 Axes
 + Level 2.6 Armour
 - Level 2.6 Dodging
 - Level 1.7 Stealth
 + Level 2.3 Shields


You had 5 spell levels left.
You didn't know any spells.

Dungeon Overview and Level Annotations

Branches:
Dungeon (5/15)
 Temple: D:4-7

Altars:

Annotations:
D:4 Robin


Innate Abilities, Weirdness & Mutations

You are mostly covered in molten scales. (AC +3)
Your flesh is heat resistant. (rF+)


Message History

You closely miss the killer bee.
The killer bee is severely wounded.
The killer bee stings you but does no damage.
The killer bee barely misses you. x2
Unknown command.
Your shield and scale mail prevent you from hitting the killer bee.
The killer bee is severely wounded.
The killer bee stings you but does no damage. x2
You hit the killer bee.
The killer bee is almost dead.
You feel sick. The killer bee barely misses you. x2
You miss the killer bee.
The killer bee is almost dead.
The killer bee barely misses you. The killer bee stings you.
* * * LOW HITPOINT WARNING * * *
You are more poisoned.
The killer bee poisons you!
You take 3 damage, and have 8/48 hp.
You closely miss the killer bee.
The killer bee is almost dead.
You feel sick. The killer bee closely misses you.
The killer bee stings you but does no damage.
You take 1 damage, and have 7/48 hp.
You miss the killer bee.
The killer bee is almost dead.
The killer bee stings you but does no damage.
The killer bee completely misses you. The killer bee closely misses you.
You hit the killer bee.
You kill the killer bee!
You feel sick.
You take 1 damage, and have 6/48 hp.
You feel sick.
You see here a killer bee corpse.
You take 1 damage, and have 5/48 hp.
You start resting.
You feel sick. x7
You are no longer poisoned.
You take 4 damage, and have 2/48 hp.
You start resting.
You are feeling very hungry.
You regained 5 hp, and now have 7/48 hp.
Unknown command.
You start resting.
You are near starving!
You regained 28 hp, and now have 35/48 hp.
You eat one of the 4 rations.
That ration really hit the spot!
U - 6 javelins (gained 2)
There is a stone staircase leading down here.
You climb downwards.
Marking area around the jelly as unsafe for travelling.
Marking area around the jelly as unsafe for travelling. 2 jellies come into view.
The jelly quivers.
Found an escape hatch in the ceiling.
Found a stone staircase leading up.
There is a stone staircase leading up here.
Unknown command.
You hit the jelly but do no damage.
Your hands burn!
The jelly barely misses you.
You take 3 damage, and have 36/48 hp.
You hit the jelly. The acid corrodes you!
Your hands burn!
The jelly is moderately wounded.
The jelly closely misses you.
You take 4 damage, and have 32/48 hp.
You hit the jelly but do no damage. The acid corrodes you!
Your hands burn!
The jelly is moderately wounded.
You hit the jelly but do no damage.
Your hands burn!
The jelly closely misses you. The jelly barely misses you.
You take 2 damage, and have 30/48 hp.
You hit the jelly but do no damage.
Your hands burn!
The jelly is moderately wounded.
You hit the jelly but do no damage.
Your hands burn!
The jelly hits you but does no damage. x2
You take 4 damage, and have 26/48 hp.
Unknown command.
You hit the jelly but do no damage. The acid corrodes you!
Your hands burn!
The jelly is moderately wounded.
You hit the jelly but do no damage.
Your hands burn!
* * * LOW HITPOINT WARNING * * *
The jelly hits you.
* * * LOW HITPOINT WARNING * * *
You are splashed with acid!
The acid burns!
* * * LOW HITPOINT WARNING * * *
You block the jelly's attack.
You take 16 damage, and have 10/48 hp.
MASSIVE DAMAGE!!
You hit the jelly but do no damage.
Your hands burn!
* * * LOW HITPOINT WARNING * * *
The jelly is moderately wounded.
You hit the jelly.
Your hands burn!
* * * LOW HITPOINT WARNING * * *
The jelly closely misses you. You block the jelly's attack.
You take 5 damage, and have 5/48 hp.
The jelly hits you but does no damage.
There is a stone staircase leading up here.
The jelly misses you. You block the jelly's attack.
The jelly barely misses you.
There is a stone staircase leading up here.
The jelly hits you but does no damage. The jelly hits you.
* * * LOW HITPOINT WARNING * * *
The acid corrodes you!
You are splashed with acid!
The acid burns!
You die... █████

█...█
██♣.@.♣██
█...JJ..█
▲...♣.<.█
█.......█
██♣.<.♣██
█...█


█████ You could see 2 jellies.

Vanquished Creatures
  An ogre (D:4)
  4 killer bees (D:4)
  A howler monkey (D:4)
  A worker ant (D:4)
  A gnoll (D:4)
  5 adders
  4 worms
  4 dart slugs
  4 leopard geckos
  An orc (D:3)
  8 bats
  A giant cockroach (D:4)
  10 goblins
  12 hobgoblins
  9 kobolds
  2 quokkas
  7 frilled lizards
  A giant cockroach zombie (D:3)
  3 rats
79 creatures vanquished.

Notes
Turn   | Place    | Note
-------+----------+-------------------------------------------
     0 | D:1      | Goblin1989 the Demonspawn Monk began the quest for the Orb.
     0 | D:1      | Reached XP level 1. HP: 18/18 MP: 1/1
   296 | D:1      | Reached skill level 3 in Axes
   494 | D:1      | Gained mutation: You are partially covered in molten scales. (AC +2) [demonic ancestry]
   494 | D:1      | Reached XP level 2. HP: 24/24 MP: 2/2
  1234 | D:2      | Reached skill level 1 in Armour
  1255 | D:2      | Reached XP level 3. HP: 27/29 MP: 3/3
  2172 | D:3      | Gained mutation: Your flesh is heat resistant. (rF+) [demonic ancestry]
  2172 | D:3      | Reached XP level 4. HP: 29/35 MP: 4/4
  2430 | D:3      | Reached skill level 4 in Axes
  2882 | D:4      | Reached skill level 1 in Shields
  2918 | D:4      | Noticed an ogre
  2976 | D:4      | Noticed an ogre
  2980 | D:4      | Noticed Robin
  3012 | D:4      | Gained mutation: You are mostly covered in molten scales. (AC +3) [demonic ancestry]
  3012 | D:4      | Reached XP level 5. HP: 22/41 MP: 5/5
  3019 | D:4      | Reached XP level 6. HP: 35/48 MP: 6/6
  3023 | D:4      | Reached skill level 5 in Axes
  3264 | D:4      | HP: 2/48 [poisoned by a killer bee]
  3496 | D:5      | Entered Level 5 of the Dungeon
  3512 | D:5      | Splashed by a jelly's acid

Skill      XL: |  1  2  3  4  5  6 |
---------------+-------------------+-----
Axes           | 3 4 5 |  5.2
Armour         | 1 2 |  2.6
Shields        | 1 2 |  2.3
Fighting       | 4 |  4.1
Dodging        | |  2.6
Stealth        | |  1.7

Action                   |  1- 3 |  4- 6 || total
-------------------------+-------+-------++-------
Melee: Hand axe          |   180 |   140 ||   320
Throw: Javelin           |       |     2 ||     2
  Use: Scroll            |       |    13 ||    13
       Potion            |       |     7 ||     7
 Stab: Sleeping          |     1 |       ||     1
  Eat: Chunk             |     4 |     3 ||     7
       Ration            |       |     1 ||     1
Armor: Robe              |     7 |       ||     7
       Ring mail         |    34 |       ||    34
       Scale mail        |    52 |   133 ||   185
Dodge: Dodged            |   108 |   110 ||   218
Block: Shield            |    25 |   114 ||   139

Vault maps used:
D:1:      nicolae_arrival_memento_mori, kennysheep_crisscross
D:2:      minmay_pentomino_t4
D:4:      hangedman_decor_growths, uniq_robin
D:5:      old_standard_altar, temple_pool_b, first_ration, grunt_ministairs_7
